 Dungeon Crawl Stone Soup version 0.18-a0-1343-g48c8f86 (webtiles) character file.

179 Scytalen the Insei (level 5, -7/42 HPs)
             Began as a Draconian Transmuter on Feb 16, 2016.
             Was an Initiate of Ru.
             Mangled by an iguana (13 damage)
             ... on level 5 of the Dungeon.
             The game lasted 00:12:41 (4721 turns).

Scytalen the Insei (Draconian Transmuter)           Turns: 4721, Time: 00:12:42

Health: -7/42      AC:  6    Str: 12    XL:     5   Next: 32%
Magic:  8/8        EV: 12    Int: 14    God:    Ru [......]
Gold:   216        SH:  0    Dex: 12    Spells: 2 memorised, 5 levels left

rFire  . . .     SeeInvis .       - Unarmed
rCold  . . .     Gourm    .     (armour unavailable)
rNeg   . . .     Faith    .     (no shield)
rPois  .         Spirit   .     (helmet restricted)
rElec  .         Dismiss  .     (no cloak)
rCorr  .         Reflect  .     (no gloves)
SustAt .         Harm     .     q - +0 pair of boots (curse)
MR     .....                    (no amulet)
Stlth  +.........               (no ring)
                                (no ring)

@: appendage (expiring), not resistant to hostile enchantments, very unstealthy
A: unfitting armour, horns 2, cold-blooded, AC +5
a: End Transformation, Renounce Religion


You were on level 5 of the Dungeon.
You worshipped Ru.
Ru was noncommittal.
You were not hungry.
You had grown temporary horns.
You visited 1 branch of the dungeon, and saw 5 of its levels.

You collected 216 gold pieces.

Inventory:

Hand Weapons
 b - a +0 hunting sling
Missiles
 a - 70 arrows
 i - 62 stones (quivered)
Armour
 q - a cursed +0 pair of boots (worn)
Scrolls
 e - 2 scrolls of identify {unknown}
 h - a scroll of teleportation {unknown}
 k - a scroll of enchant weapon {unknown}
 m - 3 scrolls of amnesia {unknown}
 o - 3 scrolls of remove curse {unknown}
 p - a scroll of fog {unknown}
 s - 3 scrolls of random uselessness {unknown}
Potions
 g - a potion of degeneration {unknown}
 l - 2 potions of mutation {unknown}
 n - a potion of curing
 t - a potion of lignification {unknown}
Books
 j - a book of Changes

   Spells                             Type                      Level
   a - Beastly Appendage              Transmutation                1
   b - Sticks to Snakes               Transmutation                2
   c - Spider Form                    Transmutation/Poison         3
   d - Ice Form                       Ice/Transmutation            4
   e - Blade Hands                    Transmutation                5
Comestibles
 c - 4 bread rations
 d - 3 meat rations
 f - 3 fruits
 r - a chunk of flesh
 u - a royal jelly
 v - a beef jerky


   Skills:
 + Level 2.6 Fighting
 - Level 1.9 Dodging
 - Level 5.0 Unarmed Combat
 - Level 2.0 Spellcasting
 - Level 3.0 Transmutations


You had 5 spell levels left.
You knew the following spells:

 Your Spells              Type           Power        Failure   Level  Hunger
a - Beastly Appendage     Trmt           #.....       10%         1    ##.....
b - Sticks to Snakes      Trmt           #.......     12%         2    ###....


Dungeon Overview and Level Annotations

Branches:
Dungeon (5/15)
 Temple: D:4-7

Altars:
Ru
Vehumet
The Shining One

Annotations:
D:4 Pikel, Sigmund
D:5 Prince Ribbit


Innate Abilities, Weirdness & Mutations

Your plain brown scales are hard (AC +5).
Your body does not fit into most forms of armour.
You are cold-blooded and may be slowed by cold attacks.
You have a pair of horns on your head.


Message History

MASSIVE DAMAGE!!
MP restored: 8 Drink which item? (? for menu, Esc to quit)
It was a potion of curing.
You feel better. The iguana barely misses you.
You regained 6 hp, and now have 10/42 hp.
You closely miss the iguana.
The iguana is severely wounded.
The iguana barely misses you.
You hit the iguana but do no damage.
The iguana is severely wounded.
The iguana bites you.
* * * LOW HITPOINT WARNING * * *
You take 4 damage, and have 6/42 hp.
Drink which item? (? for menu, Esc to quit)
Okay, then.
You hit the iguana. Your headbutt misses the iguana.
You tail-slap the iguana, but do no damage.
The iguana is almost dead.
The iguana bites you!
You die...

..###.. #..#...## ..
#.......######..
..(........#...)
....(..........
.....(......#
............#
.......>.l...#
........#@.##
#)..#...#..# .. #..
##.....# .... ##..
##....# #....
#.###....####.... ..
###...#....##.....#...
#........#......# #...
#......#..##.....###..#
....#########...(##..#


You could see an iguana.

Vanquished Creatures
  An orc priest (D:5)
  7 adders
  2 oozes
  3 worms
  7 giant geckos
  3 bats
  2 giant cockroaches
  16 goblins
  10 hobgoblins
  2 ball pythons (D:1)
  A giant newt (D:3)
  A jackal skeleton (D:3)
  5 kobolds
  5 rats
65 creatures vanquished.

Notes
Turn   | Place    | Note
--------------------------------------------------------------
     0 | D:1      | Scytalen the Draconian Transmuter began the quest for the Orb.
     0 | D:1      | Reached XP level 1. HP: 16/16 MP: 3/3
   515 | D:1      | Reached XP level 2. HP: 17/23 MP: 1/5
  1634 | D:2      | Reached skill level 4 in Unarmed Combat
  1660 | D:2      | Reached XP level 3. HP: 24/28 MP: 4/6
  2326 | D:2      | Found a radiant altar of Vehumet.
  2669 | D:3      | Learned a level 2 spell: Sticks to Snakes
  2677 | D:3      | Reached XP level 4. HP: 18/35 MP: 5/7
  2926 | D:3      | Found a sacrificial altar of Ru.
  2983 | D:3      | Became a worshipper of Ru the Awakened
  3040 | D:3      | Reached skill level 5 in Unarmed Combat
  3217 | D:3      | Found a glowing golden altar of the Shining One.
  3836 | D:4      | Noticed Sigmund
  4071 | D:4      | Reached XP level 5. HP: 28/40 MP: 6/8
  4296 | D:4      | Noticed a slave
  4300 | D:4      | Noticed Pikel
  4300 | D:4      | Noticed a slave
  4300 | D:5      | Entered Level 5 of the Dungeon
  4664 | D:5      | Noticed Prince Ribbit
  4721 | D:5      | Mangled by an iguana

Vault maps used:
D:1:      ncdulo_smallfort
D:2:      vehumet_crystals
D:3:      kennysheep_the_goblin_king, overflow_temple_1_default, first_bread,
          minmay_misc_feat_nine_boxes, minmay_statues_item,
          hangedman_feature_mirror, nicolae_ru_sacrificial_ziggurat
D:4:      kennysheep_little_box, temple_doors_b, uniq_robin, uniq_pikel,
          uniq_sigmund, uniq_edmund
D:5:      lemuel_doored_altar, uniq_prince_ribbit1, uniq_blork_the_orc

Action                   |  1- 3 |  4- 6 || total
-------------------------+-------+-------++-------
Melee: Unarmed           |    90 |    76 ||   166
 Fire: Hunting sling     |    69 |    78 ||   147
Throw: Stone             |     7 |     7 ||    14
 Cast: Beastly Appendage |    26 |    13 ||    39
  Use: Potion            |       |     1 ||     1
  Eat: Chunk             |     6 |     7 ||    13
